 Dungeon Crawl Stone Soup version 0.25-a0-804-g50c693f418 (webtiles) character file.

Game seed: 9609944232542944800, levelgen mode: deterministic

380 Flugkiller the Gusty (level 6, -5/41 HPs)
             Began as a Mummy Air Elementalist on Apr 19, 2020.
             Slain by an ogre
             ... wielding a +0 giant spiked club
              (12 damage)
             ... on level 5 of the Dungeon.
             The game lasted 00:11:50 (5786 turns).

Flugkiller the Gusty (Mummy Air Elementalist)       Turns: 5786, Time: 00:11:51

Health: -5/41      AC:  7    Str: 11    XL:     6   Next: 46%
Magic:  10/10      EV: 12    Int: 17    God:
Gold:   255        SH:  0    Dex: 12    Spells: 5/11 levels left

rFire    x . .     SeeInvis .   d - +0 dagger
rCold    + . .     Gourm    .   (no shield)
rNeg     + + +     Faith    .   a - +0 robe
rPois    ∞         Spirit   .   i - +1 helmet
rElec    .         Reflect  .   (no cloak)
rCorr    .         Harm     .   (no gloves)
MR       .....                  e - +2 pair of boots
Stlth    ++........             (no amulet)
HPRegen  0.13/turn              (no ring)
MPRegen  0.12/turn              (no ring)

@: no status effects
A: no food or potions, fire vulnerability, cold resistance 1, negative energy
resistance 3, torment resistance, unbreathing
a: no special abilities


You were on level 5 of the Dungeon.
You were not hungry.

You visited 1 branch of the dungeon, and saw 5 of its levels.

You collected 255 gold pieces.

Inventory:

Hand Weapons
 d - a +0 dagger (weapon)
   (You took it off a kobold on level 1 of the Dungeon)
Missiles
 j - 3 curare-tipped darts (quivered)
Armour
 a - a +0 robe (worn)
 e - a +2 pair of boots (worn)
   (You found it on level 5 of the Dungeon)
 i - a +1 helmet (worn)
   (You found it on level 2 of the Dungeon)
Magical Staves
 m - an uncursed staff of fire {unknown}
   (You found it on level 4 of the Dungeon)
Jewellery
 b - an uncursed ring of protection from cold {unknown}
   (You found it on level 2 of the Dungeon)
 p - a cursed ring of attention {unknown}
   (You found it on level 4 of the Dungeon)
Wands
 c - a wand of acid (10)
   (You found it on level 4 of the Dungeon)
Scrolls
 f - 3 scrolls of teleportation
 h - 2 scrolls of enchant weapon
 l - a scroll of immolation
 n - a scroll of holy word {unknown}
 o - 2 scrolls of magic mapping {unknown}
 q - a scroll of fog


   Skills:
 - Level 1.5 Dodging
 - Level 1.5 Stealth
 - Level 3.0 Spellcasting
 - Level 2.0 Conjurations
 + Level 5.6 Air Magic


You had 5 spell levels left.
You knew the following spells:

 Your Spells              Type           Power        Failure   Level  Hunger
a - Shock                 Conj/Air       ###.         3%          1    N/A
b - Swiftness             Chrm/Air       ##......     9%          2    N/A
c - Static Discharge      Conj/Air       ###.....     11%         3    N/A

Your spell library contained the following spells:

 Spells                   Type           Power        Failure   Level  Hunger
 Airstrike                Air            ###.......   17%         4    N/A
 Lightning Bolt           Conj/Air       ###.......   69%         5    N/A

Dungeon Overview and Level Annotations

Branches:
Dungeon (5/15)
 Temple: D:4-7

Altars:
Dithmenos
Hepliaklqana
Okawaru
Ru

Annotations:
D:4 1 runed translucent door, Crazy Yiuf
D:5 2 transporters, Dowan


Innate Abilities, Weirdness & Mutations

You do not eat or drink.
Your flesh is vulnerable to fire.
You are immune to poison.
Your flesh is cold resistant. (rC+)
You are immune to negative energy. (rN+++)
You are immune to unholy pain and torment.
You can survive without breathing.


Message History

You miscast Shock.
You are very lightly contaminated with residual magic.
Nothing appears to happen.
The giant cockroach bites you but does no damage.
Casting: Shock (safe; 3% risk of failure)
Confirm with . or Enter, or press ? or * to list all spells.
Aiming: Shock (safe; 3% risk of failure)
Press: ? - help, Shift-Dir - straight line The zap hits the giant cockroach.
The giant cockroach is heavily wounded.
The zap hits the giant cockroach.
The giant cockroach is severely wounded.
The giant cockroach closely misses you.
Casting: Shock (safe; 3% risk of failure)
Confirm with . or Enter, or press ? or * to list all spells.
Aiming: Shock (safe; 3% risk of failure)
Press: ? - help, Shift-Dir - straight line The zap hits the giant cockroach.
You kill the giant cockroach!
As you read the scroll of identify, it crumbles to dust.
q - a scroll of fog Unknown command.
Your magical contamination has completely faded away.
Okay, then.
As you read the scroll of enchant armour, it crumbles to dust.
Your +0 pair of boots glows green for a moment.
As you read the scroll of enchant armour, it crumbles to dust.
Your +1 pair of boots glows green for a moment.
There is a stone staircase leading down here.
Found 17 sling bullets.
Unknown command.
There is a stone staircase leading down here.
You climb downwards.
Level annotation: 2 transporters The ogre hits you with a +0 giant spiked club!!!
Ouch! That really hurt!
* * * LOW HITPOINT WARNING * * *
You hear a shout!
There is a stone staircase leading up here.
Unknown command.
Unknown command.
Dowan, Brother of Duvessa comes into view.
He is wielding a +0 dagger.
Dowan shouts!
Dowan says, "My weaknesses are her strengths!"
Okay, then.
Unknown command.
Dowan casts a spell at you. The puff of flame misses you.
The ogre hits you with a +0 giant spiked club!
You die...

.....##..###....##..............
#....###..#.....#.....%.#........
##...#....##.................#...
##.......................#..#...
##..##...............e#.....e..
###..................#..##....
#.<....................##...
#...........O........#..#... ###
#......##..@#........#....#.
#.#####.#........###.....#....<#.
........####.....................
........# #.........##...........
...#.#..# ###.......#....©.......
...#.#..###...........#######....
....................#%#8.©.8#....
....................#.#P.!.P#....
...................##.###+###....


You could see an ogre and Dowan.

Vanquished Creatures
  2 crimson imps (D:5)
  A bullfrog zombie (D:5)
  A hound (D:4)
  A centaur skeleton (D:4)
  2 orc wizards (D:4)
  A bullfrog skeleton (D:5)
  A worker ant (D:5)
  3 adders
  An adder zombie (D:4)
  A worm (D:2)
  A dart slug (D:1)
  3 leopard geckos
  16 orcs
  A ball python (D:2)
  4 bats (D:2)
  2 giant cockroaches
  5 goblins
  4 hobgoblins
  4 jackals (D:5)
  4 kobolds
  A quokka (D:4)
  3 frilled lizards
  6 rats
  A fungus (D:4)
69 creatures vanquished.

Notes
Turn   | Place    | Note
-------+----------+-------------------------------------------
     0 | D:1      | Flugkiller the Mummy Air Elementalist began the quest for
                  | the Orb.
     0 | D:1      | Reached XP level 1. HP: 13/13 MP: 4/4
   649 | D:1      | Reached XP level 2. HP: 19/19 MP: 0/6
   720 | D:1      | Learned a level 2 spell: Swiftness
   931 | D:2      | Reached skill level 3 in Air Magic
  1166 | D:2      | Found an iron altar of Okawaru.
  1244 | D:2      | Reached XP level 3. HP: 24/24 MP: 2/7
  1522 | D:2      | Learned a level 3 spell: Static Discharge
  1784 | D:2      | Reached skill level 1 in Conjurations
  1785 | D:2      | Found a shadowy altar of Dithmenos.
  2465 | D:3      | Found a sacrificial altar of Ru.
  2740 | D:4      | Reached XP level 4. HP: 29/30 MP: 3/8
  2813 | D:4      | Reached skill level 4 in Air Magic
  3113 | D:4      | Found a runed translucent door.
  3114 | D:4      | Noticed Crazy Yiuf
  3416 | D:4      | Reached XP level 5. HP: 35/35 MP: 4/9
  3759 | D:4      | Found a hazy altar of Hepliaklqana.
  3871 | D:4      | Noticed a yak
  4056 | D:4      | Noticed a yak
  4494 | D:4      | Noticed a yak
  4584 | D:4      | Noticed a yak
  4584 | D:4      | Noticed a yak
  4883 | D:5      | Entered Level 5 of the Dungeon
  5058 | D:5      | Reached skill level 5 in Air Magic
  5125 | D:5      | Found a transporter.
  5153 | D:5      | Reached XP level 6. HP: 41/41 MP: 0/10
  5244 | D:5      | Found a transporter.
  5776 | D:5      | Noticed Dowan
  5786 | D:5      | Slain by an ogre

Levels and vault maps discovered:
D:1:      dpeg_arrival_central, layout_loops_ring
D:2:      layout_basic, grunt_dithmenos_smoke_and_mirrors,
          okawaru_altar_gauntlet_db
D:3:      layout_basic, nicolae_ru_path_of_blood, first_ration
D:4:      layout_cave_pods, kennysheep_mini_moat, wad_rectangle_vault,
          uniq_crazy_yiuf_cottage
D:5:      gammafunk_steamed_eel, layout_cave_pools, uniq_duvessa

Skill      XL: |  1  2  3  4  5 |
---------------+----------------+-----
Spellcasting   | 3 |  3.0
Air Magic      | 3 4 5 |  5.6
Conjurations   | 1 2 |  2.0
Dodging        | |  1.5
Stealth        | |  1.5

Action                   |  1- 3 |  4- 6 || total
-------------------------+-------+-------++-------
Melee: Dagger            |     4 |    44 ||    48
 Cast: Shock             |    88 |   118 ||   206
       Swiftness         |       |     1 ||     1
Evoke: Wand              |       |     2 ||     2
  Use: Scroll            |     5 |     6 ||    11
Armor: Robe              |     8 |    16 ||    24
Dodge: Dodged            |    21 |    49 ||    70

Table legend:
 A = Non-vault XP
 B = Vault XP
 C = Vault XP percentage of total XP
 D = Non-vault monster count
 E = Vault monster count
 F = Vault count percentage of total count
                 A         B        C        D         E       F
            +---------+---------+-------+---------+---------+-------
      Total |     480 |      64 |  11.8 |      60 |       8 |  11.8
            +---------+---------+-------+---------+---------+-------
        D:1 |      15 |       0 |   0.0 |       7 |       0 |   0.0
        D:2 |      54 |      15 |  21.7 |      16 |       6 |  27.3
        D:3 |      11 |       0 |   0.0 |       7 |       0 |   0.0
        D:4 |     179 |      49 |  21.5 |      20 |       2 |   9.1
        D:5 |     221 |       0 |   0.0 |      10 |       0 |   0.0
            +---------+---------+-------+---------+---------+-------
